 Dungeon Crawl Stone Soup version 0.21.1-1-g345015fe64 (webtiles) character file.

113 KingHarkinian the Chopper (level 4, 0/41 HPs)
             Began as a Minotaur Berserker on Apr 14, 2018.
             Was a Believer of Trog.
             Succumbed to kobold's curare-tipped needle
             ... on level 3 of the Dungeon.
             The game lasted 00:07:29 (1862 turns).

KingHarkinian the Chopper (Minotaur Berserker)      Turns: 1862, Time: 00:07:30

Health: 0/41       AC:  5    Str: 23    XL:     4   Next: 65%
Magic:  3/3        EV: 11    Int:  4    God:    Trog [**....]
Gold:   61         SH:  0    Dex:  9    Spells: 3/3 levels left

rFire    . . .     SeeInvis .   a - +0 hand axe
rCold    + . .     Gourm    .   (no shield)
rNeg     . . .     Faith    .   j - +0 ring mail {rC+}
rPois    .         Spirit   .   (helmet restricted)
rElec    .         Reflect  .   (no cloak)
rCorr    .         Harm     .   (no gloves)
MR       ++...                  (no boots)
Stlth    ..........             (no amulet)
HPRegen  1.13/turn              d - +1 ring of slaying
MPRegen  0.08/turn              (no ring)

@: lethally poisoned (0 -> -3), regenerating, slowed, very slow
A: retaliatory headbutt, horns 2
a: Berserk, Trog's Hand, Burn Spellbooks, Renounce Religion


You were on level 3 of the Dungeon.
You worshipped Trog.
Trog was pleased with you.
You were not hungry.

You visited 1 branch of the dungeon, and saw 3 of its levels.

You collected 61 gold pieces.

Inventory:

Hand Weapons
 a - a +0 hand axe (weapon)
Missiles
 f - 97 stones (quivered)
Armour
 b - a +0 animal skin
 j - a +0 ring mail of cold resistance (worn)
Jewellery
 d - a +1 ring of slaying (left hand)
Wands
 h - a wand of random effects (18)
Scrolls
 g - 2 scrolls of identify
Potions
 i - a potion of mutation
Comestibles
 c - 5 rations
 k - 2 chunks of flesh


   Skills:
 + Level 4.7 Fighting
 * Level 5.8 Axes
 - Level 2.4 Armour
 - Level 2.1 Dodging


You had 3 spell levels left.
You didn't know any spells.

Dungeon Overview and Level Annotations

Branches:
Dungeon (3/15)

Altars:
Ashenzari


Innate Abilities, Weirdness & Mutations

You reflexively headbutt those who attack you in melee.
You have a pair of horns on your head.


Message History

* * * LOW HITPOINT WARNING * * *
You feel sick.
The kobold shoots a curare-tipped needle.
The curare-tipped needle completely misses you.
You see here a curare-tipped needle.
* * * LOW HITPOINT WARNING * * *
You feel sick.
The kobold shoots a curare-tipped needle.
The curare-tipped needle hits you.
You are lethally poisoned!
You have difficulty breathing.
* * * LOW HITPOINT WARNING * * *
You feel as though you will be slow longer.
You see here a curare-tipped needle.
Okay, then.
Your skin crawls.
You feel resistant to hostile enchantments.
You feel somewhat more hungry.
You feel the effects of Trog's Hand fading.
You die...

............[. #........
#..........##.# #.#.....#
#..........##..##.#.#.##.
#..........# #........# .
#.....K....# #..#####.##.
#..........###......#....
#..........#....#...#....
#......(...#..###...##.#.
########@.#..#⌠.##'.†.⌠#.
#(....#.........#
#.(#####.......##
#..#...#.......#
#..#...+..._...+
#..#...#.......#
#..##.##.......##
##....#.........#
###...⌠.#)'##.⌠#


You could see a kobold.

Vanquished Creatures
  4 gnolls (D:2)
  2 adders
  An ooze (D:2)
  A worm (D:2)
  2 dart slugs
  2 leopard geckos
  3 giant cockroaches (D:1)
  8 goblins
  3 hobgoblins
  A quokka (D:3)
  A ball python (D:1)
  5 bats
  2 frilled lizards
  8 kobolds
  7 rats
50 creatures vanquished.

Notes
Turn   | Place    | Note
-------+----------+-------------------------------------------
     0 | D:1      | KingHarkinian the Minotaur Berserker began the quest for the Orb.
     0 | D:1      | Reached XP level 1. HP: 19/19 MP: 0/0
     2 | D:1      | Noticed an elf
     2 | D:1      | Noticed a felid
     4 | D:1      | Noticed a centaur
     4 | D:1      | Noticed a spriggan
     6 | D:1      | Noticed a gargoyle
     6 | D:1      | Noticed a naga
     8 | D:1      | Noticed a dwarf
     8 | D:1      | Noticed a tengu
    10 | D:1      | Noticed a troll
    12 | D:1      | Noticed a demigod
    12 | D:1      | Noticed a demonspawn
    14 | D:1      | Noticed a draconian
    14 | D:1      | Noticed a vampire
    16 | D:1      | Noticed a ghoul
    16 | D:1      | Noticed an octopode
    18 | D:1      | Noticed a human
    18 | D:1      | Noticed an ogre
    20 | D:1      | Noticed a halfling
    22 | D:1      | Noticed a minotaur
    24 | D:1      | Noticed a merfolk
    26 | D:1      | Noticed a formicid
    26 | D:1      | Noticed a vine stalker
    70 | D:1      | Reached skill level 4 in Axes
    94 | D:1      | Reached XP level 2. HP: 24/27 MP: 1/1
   367 | D:1      | Reached ** piety under Trog
   368 | D:1      | Reached XP level 3. HP: 29/33 MP: 2/2
   744 | D:2      | Reached skill level 5 in Axes
   752 | D:2      | Reached XP level 4. HP: 11/41 MP: 3/3
  1487 | D:2      | Found a faded altar of an unknown god.
  1782 | D:3      | Found a shattered altar of Ashenzari.
  1861 | D:3      | HP: 1/41 [asphyx]
  1862 | D:3      | Succumbed to kobold's curare-tipped needle

Skill      XL: |  1  2  3 |
---------------+----------+-----
Axes           | 4 5 |  5.8
Fighting       | 4 |  4.7
Armour         | |  2.4
Dodging        | |  2.1

Action                   |  1- 3 |  4- 6 || total
-------------------------+-------+-------++-------
Melee: Hand axe          |    59 |    35 ||    94
       Headbutt          |     6 |     4 ||    10
Throw: Stone             |    15 |       ||    15
Invok: Berserk           |     1 |       ||     1
       Trog's Hand       |       |     1 ||     1
  Use: Scroll            |       |     3 ||     3
 Stab: Sleeping          |     1 |       ||     1
  Eat: Chunk             |       |     4 ||     4
Armor: Animal skin       |    12 |       ||    12
       Ring mail         |       |    11 ||    11
Dodge: Dodged            |    42 |    18 ||    60
